 Dungeon Sprint DCSS version 0.24-a0-530-g18ba70b5 (webtiles) character file.

Game seed: 12776289784590688940

1231 silentkaos13 the Summoner (level 8, -16/41 HPs)
             Began as a Deep Elf Summoner on Aug 7, 2019.
             Was a Believer of Sif Muna.
             Shot with an arrow by a centaur warrior (24 damage)
             ... in the Dungeon (Sprint I: "Red Sonja").
             The game lasted 00:07:53 (1015 turns).

silentkaos13 the Summoner (Deep Elf Summoner)       Turns: 1015, Time: 00:07:56

Health: -16/41     AC:  4    Str:  5    XL:     8   Next: 24%
Magic:  16/25      EV: 14    Int: 23    God:    Sif Muna [**....]
Gold:   55         SH:  0    Dex: 15    Spells: 15/29 levels left

rFire    . . .     SeeInvis .   b - +0 dagger
rCold    . . .     Gourm    .   (no shield)
rNeg     . . .     Faith    +   e - +0 troll leather armour
rPois    .         Spirit   .   (no helmet)
rElec    .         Reflect  .   (no cloak)
rCorr    .         Harm     .   (no gloves)
MR       +....     NoTele   +   (no boots)
Stlth    ++........             i - amulet of faith
HPRegen  0.53/turn              j - ring of protection from magic
MPRegen  0.19/turn              (no ring)

@: very slow
A: no striking features
a: Channel Magic, Renounce Religion


You were in the Dungeon.
You worshipped Sif Muna.
Sif Muna was pleased with you.
You were not hungry.

You visited 1 branch You collected 705 gold pieces.
You spent 650 gold pieces at shops.

Inventory:

Hand Weapons
 b - a +0 dagger (weapon)
Armour
 a - a +0 robe
 e - a +0 troll leather armour (worn)
Jewellery
 i - an amulet of faith (around neck)
 j - a ring of protection from magic (left hand)
Scrolls
 h - a scroll of magic mapping {unknown}
Potions
 d - a potion of curing
 f - a potion of haste
 g - 2 potions of magic


   Skills:
 + Level 0.2 Fighting
 + Level 2.2 Short Blades
 + Level 6.1 Dodging
 + Level 8.1 Stealth
 + Level 2.4 Unarmed Combat
 + Level 11.0 Spellcasting
 + Level 14.5 Summonings
 + Level 2.4 Ice Magic
 + Level 1.9 Air Magic


You had 15 spell levels left.
You knew the following spells:

 Your Spells              Type           Power        Failure   Level  Hunger
a - Summon Small Mammal   Summ           ####         1%          1    None
b - Call Imp              Summ           ######..     1%          2    None
c - Call Canine Familiar  Summ           ######..     1%          3    None
d - Summon Ice Beast      Ice/Summ       ######..     2%          4    None
e - Summon Lightning Spi  Summ/Air       ######..     2%          4    None

Your spell library contained the following spells:

 Spells                   Type           Power        Failure   Level  Hunger
 Summon Guardian Golem    Hex/Summ       #####...     1%          3    None


Dungeon Overview and Level Annotations

Branches:
Dungeon (1/1)

Altars:
Cheibriados
Dithmenos
Elyvilon
Fedhas
Gozag
Hepliaklqana
Kikubaaqudgha
Makhleb
Nemelex Xobeh
Okawaru
Qazlal
Ru
Sif Muna
Trog
Uskayaw
Vehumet
Wu Jian
Xom
Yredelemnul
Zin
The Shining One
Jiyva
Lugonu

Shops:
D (=[


Message History

Casting: Summon Lightning Spire (safe; 2% risk of failure)
Confirm with . or Enter, or press ? or * to list all spells.
A chill wind blows around you.
Casting: Summon Ice Beast (safe; 2% risk of failure)
Confirm with . or Enter, or press ? or * to list all spells.
You swap places.
There is an open door here.
You enter the shallow water.
Moving in this stuff is going to be slow.
A centaur warrior comes into view.
The centaur warrior shouts! x2
The centaur warrior wields a +0 longbow.
The centaur warrior shoots an arrow.
The arrow hits you!!
Ouch! That really hurt!
You hear a splash.
The centaur warrior hits you!
* * * LOW HITPOINT WARNING * * *
The centaur warrior shoots an arrow.
The arrow hits you!!
Ouch! That really hurt!
You die...

########################
.#..'..#).'..#__#..'.).#
.'[.#.)'..#..'..'..#.).#
.#####'#####'#__####...+
.####..#...#.#### §#####
.#__####..##.#§§§§c#
.#_____##'#_.+§§§§§
⌠#_.∩.).'.(._#§8@c§
##_..__##_(#'##h###
#_____###'#.#.Y..###
##########.####'###.##
........'...'.....'.∩#
#++++####...##########
##.## #+#


You could see 2 centaur warriors, a friendly warg, a friendly ice beast and a
friendly lightning spire.

Vanquished Creatures
  A yak (D)
  Ijyb (D)
2 creatures vanquished.

Vanquished Creatures (collateral kills)
  Sonja (D)
  A deep troll (D)
  2 kobold demonologists (D)
  A slime creature (D)
  Sigmund (D)
  A floating eye (D)
  An ogre (D)
  A jelly (D)
9 creatures vanquished.

Grand Total: 11 creatures vanquished

Notes
Turn   | Place    | Note
-------+----------+-------------------------------------------
     0 | D        | silentkaos13 the Deep Elf Summoner began the quest for the
                  | Orb.
     0 | D        | Reached XP level 1. HP: 10/10 MP: 6/6
     1 | D        | Noticed Ijyb
    17 | D        | Killed Ijyb
    17 | D        | Reached skill level 7 in Summonings
    17 | D        | Reached XP level 2. HP: 11/15 MP: 6/8
   153 | D        | Learned a level 2 spell: Call Imp
   156 | D        | Noticed an ogre
   165 | D        | Killed an ogre
   165 | D        | Reached skill level 8 in Summonings
   165 | D        | Reached XP level 3. HP: 19/19 MP: 3/11
   165 | D        | Reached XP level 4. HP: 24/24 MP: 3/12
   234 | D        | Noticed Sigmund
   244 | D        | Killed Sigmund
   244 | D        | Reached skill level 1 in Unarmed Combat
   244 | D        | Reached skill level 5 in Spellcasting
   244 | D        | Reached skill level 10 in Summonings
   244 | D        | Reached XP level 5. HP: 28/28 MP: 8/15
   297 | D        | Learned a level 3 spell: Call Canine Familiar
   302 | D        | Learned a level 4 spell: Summon Ice Beast
   307 | D        | Learned a level 4 spell: Summon Lightning Spire
   318 | D        | Found an ornate altar of the Wu Jian Council.
   318 | D        | Found a deep blue altar of Sif Muna.
   320 | D        | Found a radiant altar of Vehumet.
   357 | D        | Found Gassynio's Jewellery Emporium.
   357 | D        | Found an ancient bone altar of Kikubaaqudgha.
   357 | D        | Found a hazy altar of Hepliaklqana.
   357 | D        | Found a stormy altar of Qazlal.
   357 | D        | Found a hide-covered altar of Uskayaw.
   357 | D        | Found a blossoming altar of Fedhas.
   357 | D        | Found a bloodstained altar of Trog.
   357 | D        | Found an iron altar of Okawaru.
   357 | D        | Found a basalt altar of Yredelemnul.
   357 | D        | Found a glowing golden altar of the Shining One.
   357 | D        | Found a snail-covered altar of Cheibriados.
   357 | D        | Found a sacrificial altar of Ru.
   357 | D        | Found a glowing silver altar of Zin.
   357 | D        | Found a shadowy altar of Dithmenos.
   357 | D        | Found a white marble altar of Elyvilon.
   357 | D        | Noticed a yak
   365 | D        | Killed a yak
   365 | D        | Reached skill level 5 in Stealth
   365 | D        | Reached skill level 11 in Summonings
   365 | D        | Reached XP level 6. HP: 30/32 MP: 12/18
   368 | D        | Became a worshipper of Sif Muna the Loreminder
   372 | D        | Found an opulent altar of Gozag.
   373 | D        | Found a sparkling altar of Nemelex Xobeh.
   404 | D        | Found a burning altar of Makhleb.
   404 | D        | Found a viscous altar of Jiyva.
   404 | D        | Found a shimmering altar of Xom.
   404 | D        | Found a corrupted altar of Lugonu.
   404 | D        | Noticed a slime creature
   414 | D        | Killed a slime creature
   414 | D        | Reached skill level 5 in Dodging
   414 | D        | Reached skill level 12 in Summonings
   433 | D        | Noticed a kobold demonologist
   433 | D        | Noticed a floating eye
   435 | D        | Killed a floating eye
   435 | D        | Reached skill level 1 in Short Blades
   436 | D        | Noticed a kobold demonologist
   440 | D        | Noticed an ice devil
   440 | D        | Killed a kobold demonologist
   440 | D        | Reached * piety under Sif Muna
   440 | D        | Reached skill level 13 in Summonings
   440 | D        | Reached XP level 7. HP: 36/36 MP: 12/21
   444 | D        | Killed a kobold demonologist
   444 | D        | Reached skill level 1 in Ice Magic
   500 | D        | Noticed Sonja
   519 | D        | Killed Sonja
   519 | D        | Reached skill level 10 in Spellcasting
   519 | D        | Reached skill level 14 in Summonings
   519 | D        | Reached skill level 1 in Air Magic
   601 | D        | Found Igguraenn's Weapon Boutique.
   624 | D        | Noticed a deep troll
   667 | D        | Killed a deep troll
   667 | D        | Reached ** piety under Sif Muna
   667 | D        | Reached XP level 8. HP: 6/41 MP: 1/25
   946 | D        | Found Yhaffyt's Armour Emporium.
   985 | D        | Bought an uncursed amulet of faith for 400 gold pieces
   985 | D        | Bought an uncursed ring of protection from magic for 250
                  | gold pieces
  1003 | D        | Noticed a centaur warrior
  1015 | D        | Noticed a centaur warrior
  1015 | D        | Shot with an arrow by a centaur warrior

Levels and vault maps discovered:
D:        dungeon_sprint_1 [red_sonja_temple_1, red_sonja_temple_small_1]

Skill      XL: |  1  2  3  4  5  6  7 |
---------------+----------------------+-----
Dodging        | 3 4 5 6 |  6.1
Stealth        | 3 4 5 6 8 |  8.1
Summonings     | 7 8 10 11 13 14 | 14.5
Spellcasting   | 4 5 7 8 11 | 11.0
Unarmed Combat | 1 2 |  2.4
Short Blades   | 1 2 |  2.2
Ice Magic      | 2 |  2.4
Air Magic      | 1 |  1.9
Fighting       | |  0.2

Action                   |  1- 3 |  4- 6 |  7- 9 || total
-------------------------+-------+-------+-------++-------
Melee: Unarmed           |    12 |       |       ||    12
       Dagger            |     1 |     5 |     4 ||    10
 Cast: Call Imp          |     3 |     3 |     1 ||     7
       Summon Ice Beast  |       |     2 |     3 ||     5
       Summon Lightning  |       |     1 |     7 ||     8
       Call Canine Famil |       |     1 |     3 ||     4
  Use: Potion            |     1 |       |     1 ||     2
       Scroll            |       |       |     1 ||     1
 Stab: Sleeping          |     1 |     1 |       ||     2
       Distracted        |       |     1 |       ||     1
  Eat: Ration            |       |       |     1 ||     1
Armor: Robe              |     2 |       |       ||     2
Dodge: Dodged            |     5 |     1 |     8 ||    14

Table legend:
 A = Non-vault XP
 B = Vault XP
 C = Vault XP percentage of total XP
 D = Non-vault monster count
 E = Vault monster count
 F = Vault count percentage of total count
                 A         B        C        D         E       F
            +---------+---------+-------+---------+---------+-------
      Total |       0 |    1759 | 100.0 |       0 |      11 | 100.0
            +---------+---------+-------+---------+---------+-------
          D |       0 |    1759 | 100.0 |       0 |      11 | 100.0
            +---------+---------+-------+---------+---------+-------
